 Dungeon Sprint DCSS version 0.30-a0-250-g41c1d76940 (webtiles) character file.

Game seed: 3087620690312338325

3700000 ytrimaz the Conqueror (level 20, -3/197 HPs)
             Began as a Demonspawn Monk on Oct 12, 2022.
             Was the Champion of Makhleb.
             Slain by The Servant
             ... wielding a +9 glaive of flaming
              (16 damage)
             ... in the Dungeon (Sprint VIII: "Arena of Blood").
             The game lasted 00:01:02 (37 turns).

ytrimaz the Conqueror (Demonspawn Monk)               Turns: 37, Time: 00:01:02

Health: -3/197     AC:  8    Str: 12    XL:     20   Next: 85%
Magic:  0/47       EV: 36    Int: 13    God:    Makhleb [******]
Gold:   0          SH:  0    Dex: 23    Spells: 65/65 levels left

rFire   + . .      SeeInvis .    i - +∞ Axe of Woe
rCold   . . .      Faith    .    (shield currently unavailable)
rNeg    . . .      Spirit   +    a - +0 robe
rPois   .          Reflect  .    (helmet unavailable)
rElec   .          Harm     .    (no cloak)
rCorr   .          Rampage  .    (no gloves)
Will    ++...      NoTele   +    (no boots)
Stlth   +++++++++.               (no amulet)
HPRegen 0.52/turn                (no ring)
MPRegen 0.60/turn                (no ring)

@: no status effects
A: horns 3, molten scales 3, torment resistance 1, magic shield, magic
regeneration, demonic magic 2, demonic willpower
a: Renounce Religion, Minor Destruction, Lesser Servant of Makhleb, Major
Destruction, Greater Servant of Makhleb


You were in the Dungeon.
You worshipped Makhleb.
Makhleb was exalted by your worship.
You visited 1 branch


Innate Abilities, Weirdness & Mutations

You have a pair of large horns on your head.
You are completely covered in molten scales. (AC +4, rF+)
You are resistant to unholy torment.
When hurt, damage is shared between your health and your magic reserves.
You regenerate magic rapidly.
Spells you cast may paralyse nearby enemies.
You punish those that try to bend your will. (Will+)


   Skills:
 O Level 27 Fighting
 O Level 27 Axes
 + Level 23.1(27) Maces & Flails
 + Level 23.1(27) Polearms
 + Level 23.2 Armour
 O Level 27 Dodging
 + Level 25.1 Stealth
 + Level 23.4 Unarmed Combat
 + Level 23.2 Spellcasting
 O Level 27 Invocations


You had 65 spell levels left.
You didn't know any spells.
Your spell library was empty.

Inventory:

Hand Weapons
 i - the +∞ Axe of Woe (weapon)
   (You found it in the Dungeon)
Armour
 a - a +0 robe (worn)
Scrolls
 h - a scroll of blinking
Potions
 b - a potion of ambrosia
 c - a potion of curing
 d - a potion of heal wounds
 e - a potion of haste
 f - 2 potions of magic
 g - a potion of berserk rage

Dungeon Overview and Level Annotations

Branches:
Dungeon (1/1) Zot: 27000

Altars:
Makhleb

Annotations:
D The Servant

o..............
o.....#.#......
..o...........#
..D............
....O..°.§.....
.....V@§§§.V...
.....§§§○oOo...
#...§§@§#
#...z.§.#
.###.......###...
......###........
......)_).O.....V
....#..)..#......
. . #_O<._#......
#.....#......
.....o._.........


You could see The Servant, an eight-headed meat hydra, 2 destroyers, a sculptor
of flesh, a large bag of meat (inner flame), 2 meat berserkers and 5 bags of
meat.


Message History

😮 HP[-41] MP[+1]
You take 41 damage, and now have 107/197 hp.
MASSIVE DAMAGE!! (PAUSE) Unknown command.
Unknown command.
You slash the bag of meat!
You slaughter the bag of meat joyfully.
You kill the bag of meat!
Makhleb accepts your kill.
You feel better.
You hit the bag of meat. You chop the bag of meat into pieces.
You kill the bag of meat!
Makhleb accepts your kill.
You feel better.
You slash the bag of meat!
You hew the bag of meat savagely.
You kill the bag of meat!
Makhleb accepts your kill.
You feel better.
You hit the bag of meat.
You fatally mangle the bag of meat.
You kill the bag of meat!
Makhleb accepts your kill.
You feel better.
You are engulfed in blazing flames.
You resist.
You hear a shout! x5
The destroyer is engulfed in blazing flames.
The destroyer points at you and mumbles some strange words.
The destroyer blinks!
You hear a shout! x4
The bag of meat is engulfed in blazing flames. x2
A bag of meat comes into view. It is wielding a +9 war axe.
The large bag of meat is engulfed in blazing flames.
You hear a shout!
Your base Maces & Flails skill increases to level 22!
Your base Polearms skill increases to level 22!
Your Armour skill increases to level 22!
Your Unarmed Combat skill increases to level 22!
Your Spellcasting skill increases to level 22!
Unknown command. 😕 HP[+69]
You regained 69 hp, and now have 176/197 hp.
Unknown command.
Unknown command.
The bag of meat shouts!
You slash the bag of meat!
You cleave the bag of meat in twain.
You kill the bag of meat!
Makhleb accepts your kill.
You feel better.
You hit the bag of meat.
You dissect the bag of meat like a pig carcass.
You kill the bag of meat!
Makhleb accepts your kill.
You slash the bag of meat!
You cleave the bag of meat in twain.
You kill the bag of meat!
Makhleb accepts your kill.
You hit the large bag of meat.
Flame seeps out of the large bag of meat.
You hew the large bag of meat savagely.
Makhleb accepts your kill.
The large bag of meat explodes!
The fiery explosion engulfs the large bag of meat!!!
The fiery explosion engulfs you! You resist.
You are engulfed in blazing flames.
You resist.
You hear a shout!
The large bag of meat is engulfed in blazing flames.
The meat berserker rages.
You hear a shout!
The destroyer gestures at you while chanting.
The destroyer blinks!
You hear a shout! x3; You hear two shouts!
Your base Maces & Flails skill increases to level 23!
Your base Polearms skill increases to level 23!
Your Armour skill increases to level 23!
Your Stealth skill gained 2 levels and is now at level 25!
Your Unarmed Combat skill increases to level 23!
Your Spellcasting skill increases to level 23! 😕 HP[+5] MP[+1]
You regained 5 hp, and now have 181/197 hp.
Unknown command.
Unknown command.
You slice the large bag of meat!!
Flame seeps out of the large bag of meat.
You slaughter the large bag of meat joyfully.
Makhleb accepts your kill.
You feel better.
You hit the destroyer but do no damage.
You pulverise the destroyer into a thin bloody mist.
You destroy the destroyer!
Makhleb accepts your kill.
The large bag of meat explodes!
The fiery explosion engulfs The Servant!!
The fiery explosion engulfs you! You resist.
You are engulfed in blazing flames.
You resist.
You hear a shout! x6
A bag of meat comes into view. It is wielding a +9 war axe.
The eight-headed meat hydra calls on the powers of darkness!
The eight-headed meat hydra convulses!
The bag of meat convulses!
The meat berserker convulses!
The bag of meat convulses!
The Servant convulses!
The bag of meat convulses!
The bag of meat shouts!
The bag of meat convulses!
Your body is wracked with pain!
The Servant is engulfed in blazing flames.
The Servant hits you from afar with a +9 glaive of flaming!!!!
Ouch! That really hurt!
* * * LOW HITPOINT WARNING * * *
The Servant burns you!
You die...

Skill      XL: |  1  2  3  4  5  6  7  8  9 10 11 12 13 14 15 16 17 18 19 20 |
---------------+-------------------------------------------------------------+-----
Fighting       | 15 17 19 20 22 25 27 | 27.0
Axes           | 13 15 17 18 20 23 26 27 | 27.0
Dodging        | 14 16 17 18 21 23 26 27 | 27.0
Maces & Flails | 10 13 17 20 23 | 23.1
Polearms       | 10 13 17 20 23 | 23.1
Armour         | 10 13 17 20 23 | 23.2
Stealth        | 11 15 18 22 25 | 25.1
Unarmed Combat | 10 14 17 20 23 | 23.4
Spellcasting   | 10 13 17 20 23 | 23.2
Invocations    | 13 19 23 27 | 27.0

Action                   |  1- 3 |  4- 6 |  7- 9 | 10-12 | 13-15 | 16-18 | 19-21 || total
-------------------------+-------+-------+-------+-------+-------+-------+-------++-------
Melee: Executioner's axe |     1 |       |       |     3 |     7 |     6 |     7 ||    24
Dodge: Dodged            |       |       |       |       |       |     1 |       ||     1

Levels and vault maps discovered:
D:        meatsprint

Notes
Turn   | Place    | Note
-------+----------+-------------------------------------------
     0 | D        | Found the +∞ Axe of Woe
     0 | D        | ytrimaz the Demonspawn Monk began the quest for the Orb.
     0 | D        | Reached XP level 1. HP: 18/18 MP: 1/1
     0 | D        | magus.rc [v1.9.6]
     1 | D        | Noticed a bag of meat
     2 | D        | Noticed a bag of meat
     2 | D        | Noticed a bag of meat
     2 | D        | Noticed a bag of meat
     2 | D        | Noticed a bag of meat
     5 | D        | Became a worshipper of Makhleb the Destroyer
     5 | D        | Reached * piety under Makhleb
     5 | D        | Reached ** piety under Makhleb
     5 | D        | Noticed a bag of meat
     8 | D        | Killed a bag of meat
     8 | D        | Noticed a bag of meat
     9 | D        | Reached skill level 15 in Fighting
     9 | D        | Reached skill level 13 in Axes
     9 | D        | Reached skill level 14 in Dodging
     9 | D        | Gained mutation: You regenerate magic rapidly. [demonic
                  | ancestry]
     9 | D        | Reached XP level 2. HP: 44/44 MP: 2/2
     9 | D        | Gained mutation: You are partially covered in molten
                  | scales. (AC +2) [demonic ancestry]
     9 | D        | Reached XP level 3. HP: 50/50 MP: 3/3
     9 | D        | Reached XP level 4. HP: 57/57 MP: 4/4
     9 | D        | Gained mutation: You are mostly covered in molten scales.
                  | (AC +3) [demonic ancestry]
     9 | D        | Reached XP level 5. HP: 63/63 MP: 5/5
     9 | D        | Gained mutation: You are completely covered in molten
                  | scales. (AC +4, rF+) [demonic ancestry]
     9 | D        | Reached XP level 6. HP: 70/70 MP: 6/6
     9 | D        | Gained mutation: You have a pair of small horns on your
                  | head. [demonic ancestry]
     9 | D        | Reached XP level 7. HP: 76/76 MP: 7/7
     9 | D        | Gained mutation: You have a pair of horns on your head.
                  | [demonic ancestry]
     9 | D        | Reached XP level 8. HP: 83/83 MP: 8/8
     9 | D        | Reached XP level 9. HP: 89/89 MP: 9/9
     9 | D        | Gained mutation: You have a pair of large horns on your
                  | head. [demonic ancestry]
     9 | D        | Reached XP level 10. HP: 97/97 MP: 10/10
     9 | D        | Killed a bag of meat
    10 | D        | Reached skill level 17 in Fighting
    10 | D        | Reached skill level 15 in Axes
    10 | D        | Reached skill level 16 in Dodging
    10 | D        | Reached XP level 11. HP: 107/107 MP: 11/11
    10 | D        | Killed a bag of meat
    10 | D        | Noticed a meat berserker
    11 | D        | Reached skill level 19 in Fighting
    11 | D        | Reached skill level 17 in Axes
    11 | D        | Reached skill level 17 in Dodging
    11 | D        | Gained mutation: Spells you cast may paralyse adjacent
                  | enemies. [demonic ancestry]
    11 | D        | Reached XP level 12. HP: 119/119 MP: 12/12
    11 | D        | Killed a bag of meat
    11 | D        | Reached *** piety under Makhleb
    11 | D        | Noticed a bag of meat
    12 | D        | Reached skill level 20 in Fighting
    12 | D        | Reached skill level 18 in Axes
    12 | D        | Reached skill level 18 in Dodging
    12 | D        | Gained mutation: When hurt, damage is shared between your
                  | health and your magic reserves. [demonic ancestry]
    12 | D        | Reached XP level 13. HP: 127/127 MP: 13/13
    12 | D        | Killed a bag of meat
    12 | D        | Noticed a meat berserker
    13 | D        | Reached skill level 21 in Fighting
    13 | D        | Reached skill level 19 in Axes
    13 | D        | Reached skill level 19 in Dodging
    14 | D        | Killed a bag of meat
    14 | D        | Killed a bag of meat
    14 | D        | Reached **** piety under Makhleb
    15 | D        | Reached skill level 22 in Fighting
    15 | D        | Reached skill level 20 in Axes
    15 | D        | Reached skill level 21 in Dodging
    15 | D        | Reached XP level 14. HP: 141/141 MP: 14/14
    15 | D        | Killed a meat berserker
    15 | D        | Noticed a bag of meat
    16 | D        | Reached skill level 24 in Fighting
    16 | D        | Reached skill level 22 in Axes
    16 | D        | Reached skill level 22 in Dodging
    16 | D        | Noticed a bag of meat
    16 | D        | Noticed a meat berserker
    16 | D        | Noticed a bag of meat
    16 | D        | Noticed a bag of meat
    17 | D        | Killed a meat berserker
    17 | D        | Noticed a bag of meat
    17 | D        | Noticed a bag of meat
    18 | D        | Reached skill level 25 in Fighting
    18 | D        | Reached skill level 23 in Axes
    18 | D        | Reached skill level 23 in Dodging
    18 | D        | Reached XP level 15. HP: 134/155 MP: 7/15
    20 | D        | Noticed a meat berserker
    20 | D        | Noticed a destroyer
    21 | D        | Reached skill level 24 in Dodging
    21 | D        | Noticed a large bag of meat
    21 | D        | Noticed a meat berserker
    22 | D        | Noticed a meat berserker
    22 | D        | Reached ***** piety under Makhleb
    23 | D        | Reached skill level 26 in Fighting
    23 | D        | Reached skill level 24 in Axes
    23 | D        | Reached skill level 25 in Dodging
    23 | D        | Noticed a meat berserker
    23 | D        | Noticed a destroyer
    24 | D        | Reached skill level 27 in Fighting
    24 | D        | Reached skill level 26 in Axes
    24 | D        | Reached skill level 26 in Dodging
    24 | D        | Reached XP level 16. HP: 167/167 MP: 7/16
    24 | D        | Noticed a large bag of meat
    24 | D        | Noticed a destroyer
    25 | D        | Killed a meat berserker
    25 | D        | Reached ****** piety under Makhleb
    25 | D        | Noticed a large bag of meat
    25 | D        | Noticed a large bag of meat
    26 | D        | Reached skill level 27 in Axes
    26 | D        | Reached skill level 27 in Dodging
    26 | D        | Reached skill level 8 in Maces & Flails
    26 | D        | Reached skill level 8 in Polearms
    26 | D        | Reached skill level 8 in Armour
    26 | D        | Reached skill level 9 in Stealth
    26 | D        | Reached skill level 9 in Unarmed Combat
    26 | D        | Reached skill level 8 in Spellcasting
    26 | D        | Reached skill level 11 in Invocations
    27 | D        | Reached skill level 10 in Maces & Flails
    27 | D        | Reached skill level 10 in Polearms
    27 | D        | Reached skill level 10 in Armour
    27 | D        | Reached skill level 11 in Stealth
    27 | D        | Reached skill level 10 in Unarmed Combat
    27 | D        | Reached skill level 10 in Spellcasting
    27 | D        | Reached skill level 13 in Invocations
    27 | D        | Gained mutation: You punish those that try to bend your
                  | will. (Will+) [demonic ancestry]
    27 | D        | Reached XP level 17. HP: 174/174 MP: 4/31
    27 | D        | Killed a meat berserker
    27 | D        | Killed a destroyer
    27 | D        | Noticed a large bag of meat
    28 | D        | Reached skill level 12 in Maces & Flails
    28 | D        | Reached skill level 12 in Polearms
    28 | D        | Reached skill level 12 in Armour
    28 | D        | Reached skill level 14 in Stealth
    28 | D        | Reached skill level 13 in Unarmed Combat
    28 | D        | Reached skill level 12 in Spellcasting
    28 | D        | Reached skill level 17 in Invocations
    28 | D        | Noticed a large bag of meat
    28 | D        | Noticed The Servant
    29 | D        | Reached skill level 13 in Maces & Flails
    29 | D        | Reached skill level 13 in Polearms
    29 | D        | Reached skill level 13 in Armour
    29 | D        | Reached skill level 15 in Stealth
    29 | D        | Reached skill level 14 in Unarmed Combat
    29 | D        | Reached skill level 13 in Spellcasting
    29 | D        | Reached skill level 19 in Invocations
    29 | D        | Gained mutation: Spells you cast may paralyse nearby
                  | enemies. [demonic ancestry]
    29 | D        | Reached XP level 18. HP: 182/182 MP: 5/35
    29 | D        | Noticed an eight-headed meat hydra
    29 | D        | Noticed a large bag of meat
    30 | D        | Reached skill level 14 in Maces & Flails
    30 | D        | Reached skill level 14 in Polearms
    30 | D        | Reached skill level 14 in Armour
    30 | D        | Reached skill level 14 in Spellcasting
    30 | D        | Killed a meat berserker
    30 | D        | Killed a large bag of meat
    30 | D        | Killed a large bag of meat
    30 | D        | Killed a meat berserker
    30 | D        | Noticed a destroyer
    31 | D        | Reached skill level 17 in Maces & Flails
    31 | D        | Reached skill level 17 in Polearms
    31 | D        | Reached skill level 17 in Armour
    31 | D        | Reached skill level 18 in Stealth
    31 | D        | Reached skill level 17 in Unarmed Combat
    31 | D        | Reached skill level 17 in Spellcasting
    31 | D        | Reached skill level 23 in Invocations
    31 | D        | Gained mutation: You are resistant to unholy torment.
                  | [demonic ancestry]
    31 | D        | Reached XP level 19. HP: 146/189 MP: 3/40
    31 | D        | Killed a meat berserker
    31 | D        | Killed a large bag of meat
    32 | D        | Reached skill level 18 in Maces & Flails
    32 | D        | Reached skill level 18 in Polearms
    32 | D        | Reached skill level 18 in Armour
    32 | D        | Reached skill level 20 in Stealth
    32 | D        | Reached skill level 19 in Unarmed Combat
    32 | D        | Reached skill level 18 in Spellcasting
    32 | D        | Reached skill level 25 in Invocations
    32 | D        | Killed a large bag of meat
    32 | D        | Killed a destroyer
    32 | D        | Noticed a destroyer
    33 | D        | Reached skill level 20 in Maces & Flails
    33 | D        | Reached skill level 20 in Polearms
    33 | D        | Reached skill level 20 in Armour
    33 | D        | Reached skill level 22 in Stealth
    33 | D        | Reached skill level 20 in Unarmed Combat
    33 | D        | Reached skill level 20 in Spellcasting
    33 | D        | Reached skill level 27 in Invocations
    33 | D        | Reached XP level 20. HP: 174/197 MP: 2/44
    33 | D        | Noticed a meat berserker
    34 | D        | Reached skill level 21 in Unarmed Combat
    34 | D        | Noticed a destroyer
    34 | D        | Killed a destroyer
    34 | D        | Noticed a meat berserker
    35 | D        | Reached skill level 21 in Maces & Flails
    35 | D        | Reached skill level 21 in Polearms
    35 | D        | Reached skill level 21 in Armour
    35 | D        | Reached skill level 23 in Stealth
    35 | D        | Reached skill level 21 in Spellcasting
    36 | D        | Reached skill level 22 in Maces & Flails
    36 | D        | Reached skill level 22 in Polearms
    36 | D        | Reached skill level 22 in Armour
    36 | D        | Reached skill level 22 in Unarmed Combat
    36 | D        | Reached skill level 22 in Spellcasting
    36 | D        | Killed a large bag of meat
    37 | D        | Reached skill level 23 in Maces & Flails
    37 | D        | Reached skill level 23 in Polearms
    37 | D        | Reached skill level 23 in Armour
    37 | D        | Reached skill level 25 in Stealth
    37 | D        | Reached skill level 23 in Unarmed Combat
    37 | D        | Reached skill level 23 in Spellcasting
    37 | D        | Killed a large bag of meat
    37 | D        | Killed a destroyer
    37 | D        | HP: 13/197 [The Servant/+9 glaive of flaming (129)]
    37 | D        | Slain by The Servant

Vanquished Creatures
  4 vampire knights (D)
  7 ogres (D)
  6 two-headed ogres (D)
  34 orcs (D)
51 creatures vanquished.

Table legend:
 A = Non-vault XP
 B = Vault XP
 C = Vault XP percentage of total XP
 D = Non-vault monster count
 E = Vault monster count
 F = Vault count percentage of total count
                 A         B        C        D         E       F
            +---------+---------+-------+---------+---------+-------
      Total |  278213 |  318210 |  53.4 |      16 |      35 |  68.6
            +---------+---------+-------+---------+---------+-------
          D |  278213 |  318210 |  53.4 |      16 |      35 |  68.6
            +---------+---------+-------+---------+---------+-------

Illustrated notes

Table legend:
 A = Kills in this place as a percentage of kills in entire the game.
 B = Kills by you in this place as a percentage of kills by you in the entire game.
 C = Kills by friends in this place as a percentage of kills by friends in the entire game.
 D = Other kills in this place as a percentage of other kills in the entire game.
 E = Experience gained in this place as a percentage of experience gained in the entire game.
 F = Experience gained in this place divided by the number of levels of this place that you have seen.
                   A       B       C       D       E      F
               +-------+-------+-------+-------+-------+----------------------
         Total | 100.0 | 100.0 |   N/A |   N/A | 100.0 | 596423.0
       Dungeon | 100.0 | 100.0 |   N/A |   N/A | 100.0 | 596423.0
               +-------+-------+-------+-------+-------+----------------------

Table legend: (Time is in decaauts)
 A = Elapsed time spent in this place.
 B = Non-inter-level travel time spent in this place.
 C = Inter-level travel time spent in this place.
 D = Time resting spent in this place.
 E = Time spent auto-exploring this place.
 F = Levels seen in this place.
 G = Mean time per level.
                   A        B        C        D        E       F      G
               +--------+--------+--------+--------+--------+-----+--------+
         Total |     32 |     32 |      0 |      0 |      0 |   1 |   32.0 |
       Dungeon |     32 |     32 |      0 |      0 |      0 |   1 |   32.0 |
               +--------+--------+--------+--------+--------+-----+--------+

Top non-repeatable levels by time:
       D: 32 daAuts
